Map: Abyssal Reef LE

Players

Yata - Winner!

  • Race: Zerg Zerg
  • League: Gold
  • Spawn Location: 5:00

NormCharlton

  • Race: Terran Terran
  • League: Platinum
  • Spawn Location: 11:00

VOD

Have the link to the VOD?

Description

Time

  • Played on: Sept. 9, 2017, 1:41 p.m.
  • Length: 4:53
Show
View Real Time Build Order
Export as new Build Order

Yata Zerg - Winner!

Build Orders: Hatch First 

Get SALT Encoding   

  12  0:01  Drone  
  13  0:13  Overlord  
  13  0:20  Drone  
  14  0:31  Drone x2  
  14  0:35  Drone  
  17  0:56  Hatchery, Drone  
  17  1:01  Drone  
  18  1:09  Extractor  
  17  1:16  Spawning Pool  
  17  1:17  Drone  
  17  1:21  Drone  
  18  1:28  Drone  
  19  1:43  Overlord  
  19  2:18  Zergling x8  
  23  2:25  Zergling x2  
  23  2:26  Queen  
  21  2:59  Drone x3  
  21  3:02  Queen  
  26  3:18  Spine Crawler  
  26  3:19  Zergling x6  
  27  3:38  Queen  
  24  4:04  Roach Warren  
  24  4:09  Zergling x4  
  27  4:10  Zergling x18  
Show
View Real Time Build Order
Export as new Build Order

NormCharlton Terran 

Build Orders:  

Get SALT Encoding   

  12  0:01  SCV  
  13  0:14  SCV  
  14  0:23  Supply Depot  
  14  0:29  SCV  
  15  0:46  Barracks  
  15  1:01  Barracks  
  15  1:20  Supply Depot  
  15  1:31  Barracks  
  15  1:38  Marine  
  16  1:50  Bunker  
  16  1:56  Bunker  
  16  2:01  Marine  
  17  2:13  Marine  
  18  2:19  Marine  
  17  2:31  Marine  
  18  2:37  Marine  
  18  2:49  Marine  
  18  2:51  Marine  
  18  2:55  Marine  
  18  2:57  SCV  
  21  3:00  Refinery  
  21  3:07  Marine  
  22  3:20  Marine  
  22  3:21  Marine  
  22  3:24  Marine  
  25  3:38  Marine  
  25  3:39  Marine  
  27  3:42  Marine  
  27  3:56  Marine  
  25  4:04  Marine x2  
  26  4:14  Marine  
  27  4:22  Marine x2  
  24  4:32  Marine  
Tags
 
Matchup
TvZ
Replay Pack
Pack 1
Spawn Locations
Cross Positions
Add a new tag
Caveats
  • Supply blocks, unpowered buildings, or Contaminate may cause inaccurate times.
  • Supply counts are checked every 10 seconds.